 Dungeon Crawl Stone Soup version 0.21-a0-582-g1b93aee (webtiles) character file.

0 wvc the Cudgeler (level 1, 0/15 HPs)
             Began as a Barachi Wanderer on Dec 19, 2017.
             Killed from afar by a dart slug (2 damage)
             ... with a slug dart
             ... on level 1 of the Dungeon.
             The game lasted 00:00:35 (182 turns).

wvc the Cudgeler (Barachi Wanderer)                  Turns: 182, Time: 00:00:35

Health: 0/15       AC:  2    Str: 12    XL:     1   Next: 10%
Magic:  3/3        EV: 10    Int: 11    God:
Gold:   20         SH:  4    Dex: 13    Spells: 4/4 levels left

rFire    . . .     SeeInvis .   e - +0 dagger
rCold    . . .     Gourm    .   c - +0 buckler
rNeg     . . .     Faith    .   d - +0 robe
rPois    .         Spirit   .   (no helmet)
rElec    .         Reflect  .   (no cloak)
rCorr    .         Harm     .   (no gloves)
MR       .....                  (no boots)
Stlth    +.........             (no amulet)
HPRegen  0.05/turn              (no ring)
MPRegen  0.08/turn              (no ring)

@: slow
A: +LOS, swims, slowness 1, strong legs 1
a: Hop


You were on level 1 of the Dungeon.
You were not hungry.

You visited 1 branch of the dungeon, and saw 1 of its levels.

You collected 20 gold pieces.

Inventory:

Hand Weapons
 e - a +0 dagger (weapon)
Armour
 c - a +0 buckler (worn)
 d - a +0 robe (worn)
Potions
 g - a potion of might {unknown}
 h - a potion of lignification {unknown}
Books
 a - a book of Minor Magic

   Spells                             Type                      Level
   a - Magic Dart                     Conjuration                  1
   b - Blink                          Translocation                2
   c - Call Imp                       Summoning                    2
   d - Slow                           Hexes                        2
   e - Conjure Flame                  Conjuration/Fire             3
   f - Mephitic Cloud                 Conjuration/Poison/Air       3
 b - the Handbook of the Volcanoes

   Spells                             Type                      Level
   a - Flame Tongue                   Conjuration/Fire             1
   b - Conjure Flame                  Conjuration/Fire             3
Comestibles
 f - a ration


   Skills:
 + Level 1.3 Fighting
   Level 3.2 Maces & Flails
 - Level 1.0 Throwing
 + Level 1.2 Armour
 - Level 1.1 Shields
 - Level 2.1 Spellcasting
   Level 1.0 Earth Magic


You had 4 spell levels left.
You didn't know any spells.

Dungeon Overview and Level Annotations

Branches:
Dungeon (1/15)

Altars:


Innate Abilities, Weirdness & Mutations

Shadows flee at your approach. (+LOS)
You can swim through water.
You cover ground slowly.
You can hop short distances.


Message History

The dart slug is heavily wounded.
The dart slug bites you but does no damage.
You hit the dart slug.
The dart slug is severely wounded.
The dart slug launches a dart at you. The slug dart hits you!
* * * LOW HITPOINT WARNING * * *
You are too injured to fight recklessly!
You are too injured to fight recklessly!
You are too injured to fight recklessly!
You hit the dart slug.
The dart slug is severely wounded.
You barely miss the dart slug.
The dart slug is severely wounded.
The dart slug closely misses you.
You barely miss the dart slug.
The dart slug is severely wounded.
The dart slug launches a dart at you. The slug dart hits you!
You die...

#.....................
#.....................
#..............####...
#..............# ...
#..............# ).
#..............#
#.......$......#
#..............#
#......@.......#
#......w.......#
#............>.#
################


You could see a dart slug.

Vanquished Creatures
  A bat (D:1)
1 creature vanquished.

Notes
Turn   | Place    | Note
-------+----------+-------------------------------------------
     0 | D:1      | wvc the Barachi Wanderer began the quest for the Orb.
     0 | D:1      | wvc set off with: a book of Minor Magic, the Handbook of the Volcanoes, a +0 buckler, a +0 robe, a +0 dagger, a ration
     0 | D:1      | Reached XP level 1. HP: 15/15 MP: 3/3
     0 | D:1      | Identified the Handbook of the Volcanoes
   182 | D:1      | Killed from afar by a dart slug

Vault maps used:
D:1:      dpeg_arrival_circle_labyrinth_a

Action                   || total
-------------------------++-------
Melee: Dagger            ||    15
Armor: Robe              ||     5
Dodge: Dodged            ||     9
Block: Buckler           ||     1

Table legend:
 A = Spawn XP
 B = Non-spawn XP
 C = Spawn XP percentage of total XP
 D = Spawn monster count
 E = Non-spawn monster count
 F = Spawn count percentage of total count
 G = Total turns spent on level
                    A         B        C        D         E        F      G
               +---------+---------+-------+---------+---------+-------+---------
         Total |       0 |       1 |   0.0 |       0 |       1 |   0.0 |   182
               +---------+---------+-------+---------+---------+-------+---------
           D:1 |       0 |       1 |   0.0 |       0 |       1 |   0.0 |   182
               +---------+---------+-------+---------+---------+-------+---------
